 Dungeon Crawl Stone Soup version 0.21.1-1-g345015f (webtiles) character file.

43 tidbits the Grave Robber (level 3, 6/25 HPs)
             Began as a Gnoll Necromancer on June 26, 2018.
             Quit the game on level 5 of the Dungeon.
             The game lasted 00:01:57 (216 turns).

tidbits the Grave Robber (Gnoll Necromancer)         Turns: 216, Time: 00:01:57

Health: 6/25       AC:  4    Str:  7    XL:     3   Next: 58%
Magic:  3/9        EV: 13    Int: 18    God:
Gold:   30         SH:  0    Dex: 19    Spells: 11/12 levels left

rFire    . . .     SeeInvis .   a - +0 dagger
rCold    . . .     Gourm    .   (no shield)
rNeg     . . .     Faith    .   e - +0 robe
rPois    .         Spirit   .   E - +1 hat
rElec    .         Reflect  .   (no cloak)
rCorr    .         Harm     .   G - +0 pair of gloves {archery}
MR       .....                  (no boots)
Stlth    +++.......             (no amulet)
HPRegen  0.08/turn              k - ring "Keruk" {Str-3 Dex+4}
MPRegen  0.11/turn              m - -2 ring of evasion (curse)

@: no status effects
A: distributed training, fangs 1, strong nose
a: no special abilities


You were on level 5 of the Dungeon.
You were not hungry.

You visited 1 branch of the dungeon, and saw 5 of its levels.

You collected 30 gold pieces.

Inventory:

Hand Weapons
 a - a +0 dagger (weapon)
Missiles
 l - 21 stones (quivered)
Armour
 e - a +0 robe (worn)
 E - a +1 hat (worn)
 G - a +0 pair of gloves of archery (worn)
   (You found it on level 4 of the Dungeon)
Jewellery
 k - the ring "Keruk" (left hand) {Str-3 Dex+4}
   (You found it on level 4 of the Dungeon)

   [ring of strength]

   It affects your strength (-3).
   It affects your dexterity (+4).
 m - a cursed -2 ring of evasion (right hand)
   (You found it on level 5 of the Dungeon)
Scrolls
 d - 4 scrolls of remove curse
 h - a scroll of blinking {unknown}
 j - a scroll of teleportation {unknown}
Potions
 f - a potion of haste {unknown}
 g - a potion of ambrosia {unknown}
 i - a potion of magic {unknown}
Books
 b - a book of Necromancy

   Spells                             Type                      Level
   a - Pain                           Necromancy                   1
   b - Animate Skeleton               Necromancy                   1
   c - Vampiric Draining              Necromancy                   3
   d - Regeneration                   Charms/Necromancy            3
   e - Animate Dead                   Necromancy                   4
   f - Borgnjor's Vile Clutch         Necromancy/Earth             5
Comestibles
 c - 2 rations


   Skills:
 + Level 0.8 Fighting
 + Level 0.8 Short Blades
 + Level 0.8 Long Blades
 + Level 0.8 Axes
 + Level 0.8 Maces & Flails
 + Level 0.8 Polearms
 + Level 0.8 Staves
 + Level 0.8 Slings
 + Level 0.8 Bows
 + Level 0.8 Crossbows
 + Level 0.8 Throwing
 + Level 0.8 Armour
 + Level 4.5 Dodging
 + Level 4.1 Stealth
 + Level 0.8 Shields
 + Level 0.8 Unarmed Combat
 + Level 5.0 Spellcasting
 + Level 0.5 Conjurations
 + Level 0.5 Hexes
 + Level 0.5 Charms
 + Level 0.5 Summonings
 + Level 7.1 Necromancy
 + Level 0.5 Translocations
 + Level 0.5 Transmutations
 + Level 0.5 Fire Magic
 + Level 0.5 Ice Magic
 + Level 0.5 Air Magic
 + Level 0.5 Earth Magic
 + Level 0.5 Poison Magic
 + Level 1.0 Invocations
 + Level 0.8 Evocations


You had 11 spell levels left.
You knew the following spells:

 Your Spells              Type           Power        Failure   Level  Hunger
a - Pain                  Necr           ####         1%          1    None


Dungeon Overview and Level Annotations

Branches:
Dungeon (5/15)
 Temple: D:4-7

Altars:
Trog

Annotations:
D:4 tidbits's ghost, amateur GnSk


Innate Abilities, Weirdness & Mutations

Your experience applies equally to all skills.
You have very sharp teeth.
Your uncanny sense of smell can sniff out nearby items.


Message History

You hear a shout!
Casting: Pain
Confirm with . or Enter, or press ? or * to list all spells.
Aiming: Pain
Press: ? - help, Shift-Dir - straight line, f - orc
Aim: an orc, wielding a short sword and wearing a leather armour (chance to defeat MR: 93%)
The orc writhes in agony!
The orc throws an exploding tomahawk.
The exploding tomahawk barely misses you.
The exploding tomahawk explodes!
The explosion of tomahawk fragments engulfs you!
Casting: Pain
Confirm with . or Enter, or press ? or * to list all spells.
Aiming: Pain
Press: ? - help, Shift-Dir - straight line, f/p - orc
Aim: an orc, wielding a short sword and wearing a leather armour (severely wounded, chance to defeat MR: 93%)
The orc writhes in agony!
You kill the orc!
There is a stone staircase leading down here.
A scorpion and a hobgoblin come into view.
The hobgoblin closely misses you.
Found an escape hatch in the ceiling.
There is a stone staircase leading down here.
The hobgoblin completely misses you.
You climb downwards.
An adder comes into view.
There is a stone staircase leading up here.
Unknown command.
The adder hisses angrily.
The hobgoblin hits you with a club.
* * * LOW HITPOINT WARNING * * *
Found an escape hatch in the floor.
Casting: Pain
Confirm with . or Enter, or press ? or * to list all spells.
You don't know that spell.
As you read the scroll labeled ERRONONGUD, it crumbles to dust.
You feel as if something is helping you.
It was a scroll of remove curse.
The adder barely misses you.
Casting: Pain
Confirm with . or Enter, or press ? or * to list all spells.
Aiming: Pain
Press: ? - help, Shift-Dir - straight line, f - adder
Aim: an adder (chance to defeat MR: 89%)
The adder writhes in agony!
The adder barely misses you.
Casting: Pain
Confirm with . or Enter, or press ? or * to list all spells.
Aiming: Pain
Press: ? - help, Shift-Dir - straight line, f/p - adder
Aim: an adder (moderately wounded, chance to defeat MR: 89%)
The adder writhes in agony!
You kill the adder!
Your Invocations skill increases to level 1!
Casting: Pain
Confirm with . or Enter, or press ? or * to list all spells.
Aiming: Pain
Press: ? - help, Shift-Dir - straight line, f - hobgoblin
Aim: a hobgoblin, wielding a club (chance to defeat MR: 93%)
The hobgoblin writhes in agony!
The hobgoblin hits you with a club.
* * * LOW HITPOINT WARNING * * *
You closely miss the hobgoblin. Your bite misses the hobgoblin.
The hobgoblin is severely wounded.
You hit the hobgoblin.
You kill the hobgoblin!
Tidbits's ghost (amateur Gnoll Skald) comes into view.
You see here a club.
You see here a club.
There is an escape hatch in the floor here.
You slide downwards.
The hatch slams shut behind you.
You hear the sound of rushing water.
There is an entrance to a sewer on this level.
Hurry and find it before the portal rusts away!
Found 17 gold pieces, 2 scrolls of remove curse and a ring mail.
Found a stone staircase leading down.
An adder comes into view.
You see here 7 gold pieces.
You see here 2 scrolls of remove curse.
d - 4 scrolls of remove curse (gained 2)
Found a ration and a large granite ring.
You see here a ration.
c - 2 rations (gained 1)
You see here a large granite ring.
m - a large granite ring Put on which piece of jewellery? (? for menu, Esc to quit)
Oops, that ring feels deathly cold.
m - a cursed -2 ring of evasion (right hand)
You open the door.
Found a bloodstained altar of Trog.
There is an open door here.
As you open the door, it creaks loudly!
You hear a shout! x2
There is an open door here.
You open the door.
An orc and an orc wizard come into view.
An orc comes into view. It is wielding a hand axe.
Casting: Pain
Confirm with . or Enter, or press ? or * to list all spells.
Aiming: Pain
Press: ? - help, Shift-Dir - straight line, f - orc
Aim: an orc, wielding a short sword (chance to defeat MR: 93%)
The orc barely resists.
The orc wizard shouts!
The orc shouts!
An orc comes into view.
Are you sure you want to abandon this character and quit the game? (Confirm with "yes".)

#####....>.......#
#.######.....# ..
#. #.........##...
#. #.......##.....
#. #..............
#...###.###...
##... #.#
.....###'###...
#####...@_###.#
#.###o###.# .# .#
∆ o. o. .## .#


You could see 3 orcs.

Vanquished Creatures
  An orc wizard (D:3)
  An adder (D:4)
  3 orcs (D:3)
  A hobgoblin (D:4)
  A quokka (D:4)
  A frilled lizard (D:4)
8 creatures vanquished.

Notes
Turn   | Place    | Note
-------+----------+-------------------------------------------
     0 | D:1      | tidbits the Gnoll Necromancer began the quest for the Orb.
     0 | D:1      | Reached XP level 1. HP: 13/13 MP: 6/6
   117 | D:4      | Got a brightly glowing turquoise ring
   118 | D:4      | Identified the cursed ring "Keruk" {Str-3 Dex+4} (You found it on level 4 of the Dungeon)
   144 | D:3      | Noticed an orc wizard
   148 | D:3      | Killed an orc wizard
   148 | D:3      | Reached skill level 5 in Spellcasting
   148 | D:3      | Reached XP level 2. HP: 16/20 MP: 4/8
   148 | D:3      | Reached XP level 3. HP: 20/25 MP: 4/9
   156 | D:3      | Noticed a scorpion
   176 | D:4      | Reached skill level 1 in Invocations
   180 | D:4      | Noticed tidbits's ghost (amateur GnSk)
   191 | D:5      | Entered Level 5 of the Dungeon
   210 | D:5      | Found a bloodstained altar of Trog.
   216 | D:5      | Quit the game

Skill      XL: |  1  2  3 |
---------------+----------+-----
Spellcasting   | 5 |  5.0
Invocations    | 1 |  1.0
Fighting       | |  0.8
Short Blades   | |  0.8
Long Blades    | |  0.8
Axes           | |  0.8
Maces & Flails | |  0.8
Polearms       | |  0.8
Staves         | |  0.8
Slings         | |  0.8
Bows           | |  0.8
Crossbows      | |  0.8
Throwing       | |  0.8
Armour         | |  0.8
Dodging        | |  4.5
Stealth        | |  4.1
Shields        | |  0.8
Unarmed Combat | |  0.8
Conjurations   | |  0.5
Hexes          | |  0.5
Charms         | |  0.5
Summonings     | |  0.5
Necromancy     | |  7.1
Translocations | |  0.5
Transmutations | |  0.5
Fire Magic     | |  0.5
Ice Magic      | |  0.5
Air Magic      | |  0.5
Earth Magic    | |  0.5
Poison Magic   | |  0.5
Evocations     | |  0.8

Action                   || total
-------------------------++-------
Melee: Dagger            ||     2
 Cast: Pain              ||    13
  Use: Scroll            ||     1
Dodge: Dodged            ||     6

Table legend:
 A = Turns spent in this place as a percentage of turns spent in the entire game.
 B = Non-inter-level travel turns spent in this place as a percentage of non-inter-level travel turns spent in the entire game.
 C = Inter-level travel turns spent in this place as a percentage of turns spent in this place.
 D = Turns resting spent in this place as a percentage of non-inter-level travel turns spent in this place.
 E = Turns spent auto-exploring this place as a percentage of non-inter-level travel turns spent in this place.
 F = Non-inter-level travel turns spent in this place divided by the number of levels of this place that you've seen.
                   A       B       C       D       E      F
               +-------+-------+-------+-------+-------+----------------------
         Total | 100.0 | 100.0 |   0.0 |   0.0 |   0.0 |  43.2
       Dungeon | 100.0 | 100.0 |   0.0 |   0.0 |   0.0 |  43.2
               +-------+-------+-------+-------+-------+----------------------

Table legend:
 A = Kills in this place as a percentage of kills in entire the game.
 B = Kills by you in this place as a percentage of kills by you in the entire game.
 C = Kills by friends in this place as a percentage of kills by friends in the entire game.
 D = Other kills in this place as a percentage of other kills in the entire game.
 E = Experience gained in this place as a percentage of experience gained in the entire game.
 F = Experience gained in this place divided by the number of levels of this place that you have seen.
                   A       B       C       D       E      F
               +-------+-------+-------+-------+-------+----------------------
         Total | 100.0 | 100.0 |   N/A |   N/A | 100.0 |  12.4
       Dungeon | 100.0 | 100.0 |   N/A |   N/A | 100.0 |  12.4
               +-------+-------+-------+-------+-------+----------------------

Vault maps used:
D:1:      dpeg_arrival_pond
D:2:      cheibrodos_greedy_goblins, lemuel_crystal_altar
D:3:      old_standard_altar, lemuel_round_altar, uniq_robin, uniq_natasha
D:4:      uniq_edmund
D:5:      lemuel_doored_altar, first_ration, portal_sewer_entry_e,
          makhleb_blood_cavern_becter, uniq_duvessa
